 Dungeon Crawl Stone Soup version 0.28-a0-1344-g6b9ff3a05d (webtiles) character file.

Game seed: 9134675833987428368

6502 Conn the Arsonist (level 11, 0/69 HPs)
             Began as an Octopode Fire Elementalist on Dec 29, 2021.
             Was a Believer of Sif Muna.
             Killed from afar by an acid dragon (36 damage)
             ... with a splash of acid
             ... on level 10 of the Dungeon.
             The game lasted 00:23:04 (12144 turns).

Conn the Arsonist (Octopode Fire Elementalist)     Turns: 12144, Time: 00:23:09

Health: 0/69       AC:  3    Str:  8    XL:     11   Next: 0%
Magic:  18/23      EV: 13    Int: 22    God:    Sif Muna [**....]
Gold:   489        SH:  0    Dex: 12    Spells: 11/27 levels left

rFire   + . .      SeeInvis .   b - staff of conjuration
rCold   x . .      Faith    .   (no shield)
rNeg    . . .      Spirit   .   k - +2 hat
rPois   .          Reflect  .   x - amulet of magic regeneration
rElec   .          Harm     .   B - +4 ring of protection
rCorr   .          Rampage  .   C - ring of fire
Will    .....                   (no ring)
Stlth   ++++......              (no ring)
HPRegen 0.21/turn               (no ring)
MPRegen 0.58/turn               (no ring)
                                (no ring)
                                (no ring)

@: corroded
A: almost no armour, amphibious, 8 rings, camouflage 1, gelatinous body 1,
(nimble swimmer 1), tentacles, robust 1
a: Renounce Religion, Channel Magic


You were on level 10 of the Dungeon.
You worshipped Sif Muna.
Sif Muna was pleased with you.
You visited 2 branches of the dungeon, and saw 11 of its levels.

You collected 489 gold pieces.

Inventory:

Hand Weapons
 d - a +3 dagger of electrocution
Armour
 k - a +2 hat (worn)
Magical Staves
 b - a staff of conjuration (weapon)
Jewellery
 x - an amulet of magic regeneration (around mantle)
 B - a +4 ring of protection (left tentacle)
 C - a ring of fire (right tentacle)
Wands
 v - a wand of flame (11)
 w - a wand of iceblast (5)
Scrolls
 c - a scroll of teleportation
 e - a scroll of torment
 h - 2 scrolls of immolation
 j - a scroll of vulnerability {unknown}
 l - 3 scrolls of enchant armour
 m - a scroll of fog {unknown}
 n - 3 scrolls of enchant weapon
 p - a scroll of noise {unknown}
 q - 2 scrolls of acquirement {unknown}
 t - a scroll of amnesia {unknown}
 y - a scroll of brand weapon
 D - a scroll of identify
Potions
 a - 2 potions of mutation
 f - 5 potions of curing {unknown}
 g - 2 potions of attraction
 i - a potion of haste
 o - 3 potions of degeneration {unknown}
 r - 2 potions of cancellation {unknown}
 s - 2 potions of heal wounds
 u - 2 potions of brilliance {unknown}
 z - a potion of lignification {unknown}
 A - a potion of flight {unknown}


   Skills:
 + Level 1.2 Fighting
 + Level 1.4 Staves
 + Level 3.1 Dodging
 + Level 5.6 Stealth
 + Level 8.6 Spellcasting
 + Level 6.3 Conjurations
 - Level 3.0 Hexes
 * Level 5.7 Summonings
 + Level 9.2 Fire Magic


You had 11 spell levels left.
You knew the following spells:

 Your Spells              Type           Power      Damage    Failure   Level
a - Foxfire               Conj/Fire      100%       2x1d9     1%          1
b - Conjure Flame         Conj/Fire      78%        6-21      1%          3
c - Inner Flame           Hex/Fire       53%        N/A       1%          3
d - Flame Wave            Conj/Fire      78%        2d11      2%          4
e - Scorch                Fire           100%       2d10      1%          2
f - Summon Guardian Gole  Hex/Summ       28%        N/A       3%          3

Your spell library contained the following spells:

 Spells                   Type           Power      Damage    Failure   Level
 Orb of Destruction       Conj           27%        9d11      99%         7
 Spellforged Servitor     Conj/Summ      26%        N/A       99%         7


Dungeon Overview and Level Annotations

Branches:
Dungeon (10/15)            Temple (1/1) D:6
   Lair: D:8-11         Orc: D:9-12

Altars:
Ashenzari
Cheibriados
Elyvilon
Fedhas
Hepliaklqana
Kikubaaqudgha
Makhleb
Nemelex Xobeh
Okawaru
Sif Muna
Trog
Uskayaw
Vehumet
Wu Jian
Xom
Yredelemnul
Zin
The Shining One
Beogh


Innate Abilities, Weirdness & Mutations

You cannot wear most types of armour.
You are amphibious.
You can wear up to eight rings at the same time.
Your skin changes colour to match your surroundings (Stealth+).
Your rubbery body absorbs attacks. (AC +1, EV +1)
((You are camouflaged when in or above water. (Stealth+)))
You have tentacles for arms and can constrict up to eight enemies at once.
You are robust. (+10% HP)


Message History

Confirm with . or Enter, or press ? or * to list all spells.
You feel a strong surge of power!
You conjure some foxfire!
The foxfire hits the gnoll.
Flame seeps out of the gnoll.
The gnoll is heavily wounded.
The gnoll is engulfed in blazing flames.
Sif Muna accepts your kill.
The gnoll explodes!
The fiery explosion engulfs the gnoll!!!
You kill the gnoll!
Sif Muna accepts your kill.
Unknown command.
Your foxfire dissipates! x2
Your foxfire dissipates!
You see here a +0 shortbow of freezing.
You see here a +1 spear of venom.
Things that are here:
a +0 spear; a +0 ring mail The acid dragon roars!
A gnoll comes into view. It is wielding a +0 spear.
The acid dragon spits acid at you. The splash of acid hits you!
The acid corrodes you!
A gnoll comes into view. It is wielding a +0 halberd.
The gnoll shouts! x2; The frilled lizard hisses angrily.
The gnoll barely misses you.
Casting: Foxfire (safe; 1% risk of failure)
Confirm with . or Enter, or press ? or * to list all spells.
Okay, then.
Casting: Foxfire (safe; 1% risk of failure)
Confirm with . or Enter, or press ? or * to list all spells.
A guardian golem appears, shielding your allies.
The acid dragon bites you! The acid dragon closely misses you.
The gnoll hits you from afar with a +0 spear.
Casting: Summon Guardian Golem (dangerous; 3% risk of failure)
Confirm with . or Enter, or press ? or * to list all spells.
A guardian golem appears, shielding your allies.
Your guardian golem disappears in a puff of smoke!
The acid dragon spits acid at you. The splash of acid hits you!!!
Ouch! That really hurt!
You die...

###### .....
####...##.
#.........
#...l....#
#ggg.....# #D# #
#@# ######### #
#9# #.<.....# #
#.# #.......# #
#.# #.......# #
####)#####.......#
#
#.......##.......#
#
#.##.##.##...†...#
#
#.##)##.##.......#
#
#.##)##.#####.####
#


You could see an acid dragon (catching breath, ally target), 3 gnolls, a frilled
lizard and a friendly guardian golem (summoned).

Vanquished Creatures
  3 two-headed ogres
  A komodo dragon (D:10)
  A troll (D:10)
  Sigmund (D:6)
  A basilisk (D:10)
  Edmund (D:6)
  A water moccasin (D:8)
  4 orc warriors
  2 black bears (D:6)
  4 sky beasts
  A centaur (D:9)
  2 necrophages
  2 ogres
  2 bullfrogs (D:8)
  2 gnoll sergeants
  A scorpion (D:5)
  9 killer bees
  A water moccasin skeleton (D:4)
  7 wights
  8 howler monkeys
  3 centaur zombies
  3 hounds (D:5)
  3 orc priests (D:10)
  A centaur skeleton (D:7)
  9 iguanas
  10 orc wizards
  7 gnolls
  11 adders
  An adder skeleton (D:3)
  A worm (D:2)
  2 dart slugs (D:2)
  37 orcs
  6 endoplasms
  A giant cockroach (D:1)
  4 goblins
  4 hobgoblins
  4 jackals
  8 kobolds
  2 quokkas
  7 ball pythons
  5 bats
  8 frilled lizards
  7 rats
198 creatures vanquished.

Vanquished Creatures (others)
  767 foxfires
  8 plants (D:10)
775 creatures vanquished.

Grand Total: 973 creatures vanquished

Notes
Turn   | Place    | Note
-------+----------+-------------------------------------------
     0 | D:1      | Conn the Octopode Fire Elementalist began the quest for the
                  | Orb.
     0 | D:1      | Reached XP level 1. HP: 11/11 MP: 3/3
   304 | D:1      | Reached XP level 2. HP: 17/17 MP: 1/5
  1051 | D:2      | Reached XP level 3. HP: 21/21 MP: 1/6
  1231 | D:2      | Reached skill level 4 in Fire Magic
  1361 | D:2      | Reached XP level 4. HP: 27/27 MP: 4/7
  2006 | D:2      | Found a faded altar of an unknown god.
  2442 | D:2      | Gained mutation: You do not regenerate when monsters are
                  | visible. [potion of mutation]
  2442 | D:2      | Gained mutation: Your mind is acute. (Int +2) [potion of
                  | mutation]
  2449 | D:2      | Reached XP level 5. HP: 7/31 MP: 0/9
  2689 | D:2      | Lost mutation: Your mind is acute. (Int +2) [potion of
                  | mutation]
  2689 | D:2      | Lost mutation: You do not regenerate when monsters are
                  | visible. [potion of mutation]
  2689 | D:2      | Gained mutation: You passively map a small area around you.
                  | [potion of mutation]
  2689 | D:2      | Lost mutation: You passively map a small area around you.
                  | [potion of mutation]
  2690 | D:2      | Gained mutation: You are robust. (+10% HP) [potion of
                  | mutation]
  3513 | D:4      | Reached XP level 6. HP: 39/39 MP: 4/10
  4279 | D:5      | Entered Level 5 of the Dungeon
  4288 | D:5      | Learned a level 3 spell: Conjure Flame
  4292 | D:5      | Learned a level 3 spell: Inner Flame
  4297 | D:5      | Learned a level 4 spell: Flame Wave
  4363 | D:5      | Noticed a sky beast
  4373 | D:5      | Killed a sky beast
  4374 | D:5      | Reached skill level 5 in Fire Magic
  4374 | D:5      | Reached XP level 7. HP: 45/45 MP: 8/13
  4747 | D:6      | Learned a level 2 spell: Scorch
  5188 | D:5      | Reached XP level 8. HP: 41/51 MP: 9/15
  5362 | D:5      | Reached skill level 1 in Staves
  5367 | D:5      | Reached skill level 5 in Spellcasting
  5644 | D:6      | Identified the +1 ring mail of Vypt {Int+3}
  5658 | D:6      | Learned a level 3 spell: Summon Guardian Golem
  5964 | D:6      | Reached skill level 1 in Summonings
  5964 | D:6      | Reached skill level 6 in Fire Magic
  6070 | D:6      | Reached skill level 1 in Hexes
  6276 | D:6      | Found a staircase to the Ecumenical Temple.
  6283 | Temple   | Entered the Ecumenical Temple
  6403 | Temple   | Became a worshipper of Sif Muna the Loreminder
  6582 | D:6      | Noticed Sigmund
  6595 | D:6      | Killed Sigmund
  6596 | D:6      | Reached skill level 1 in Fighting
  6614 | D:6      | Noticed Edmund
  6635 | D:6      | Killed Edmund
  7063 | D:7      | Reached XP level 9. HP: 30/58 MP: 7/17
  7745 | D:7      | Reached skill level 5 in Stealth
  8440 | D:8      | Noticed a two-headed ogre
  8571 | D:8      | Killed a two-headed ogre
  8572 | D:8      | Reached skill level 7 in Fire Magic
  9260 | D:8      | Reached skill level 5 in Conjurations
  9292 | D:8      | Reached XP level 10. HP: 59/63 MP: 0/21
  9747 | D:9      | Reached skill level 8 in Fire Magic
  9747 | D:9      | Reached * piety under Sif Muna
  9765 | D:9      | Noticed a two-headed ogre
  9770 | D:9      | Killed a two-headed ogre
 10291 | D:9      | Reached skill level 5 in Summonings
 10352 | D:10     | Entered Level 10 of the Dungeon
 11104 | D:10     | Reached ** piety under Sif Muna
 11290 | D:10     | Noticed a two-headed ogre
 11297 | D:10     | Killed a two-headed ogre
 11361 | D:10     | Reached skill level 9 in Fire Magic
 11679 | D:10     | Found a bloodstained altar of Trog.
 12115 | D:10     | Reached XP level 11. HP: 69/69 MP: 20/23
 12144 | D:10     | Killed from afar by an acid dragon

Illustrated notes

Levels and vault maps discovered:
D:1:      dpeg_arrival_rooms_b, layout_loops_ring,
          chequers_serial_rivers_room_b, st_stairs_9
D:2:      layout_basic, hellmonk_ecumenical_altar_pennies_from_heaven,
          minmay_fractal_squares_5
D:3:      layout_rooms, serial_park_tiny_2, serial_park_tiny_1
D:4:      layout_cave_pods
D:5:      layout_loops_ring
D:6:      layout_basic, temple_green, sigmund_edmund_badplayer
D:7:      layout_loops_ring, hangedman_decor_lopped
D:8:      layout_basic
D:9:      layout_roguey, kennysheep_small_spiral
D:10:     layout_loops_cross, mainiacjoe_overflow_cross_hatched, special_room
          [special_room_orc], minmay_lizard_king
Temple:   mainiacjoe_temple_circle_huts

Skill      XL: |  1  2  3  4  5  6  7  8  9 10 |
---------------+-------------------------------+-----
Stealth        | 3 4 5 |  5.6
Fire Magic     | 4 5 6 7 9 |  9.2
Conjurations   | 2 3 4 5 6 |  6.3
Spellcasting   | 3 4 5 7 8 |  8.6
Staves         | 1 |  1.4
Summonings     | 2 4 5 |  5.7
Hexes          | 2 3 |  3.0
Fighting       | 1 |  1.2
Dodging        | 3 |  3.1

Action                   |  1- 3 |  4- 6 |  7- 9 | 10-12 || total
-------------------------+-------+-------+-------+-------++-------
Melee: Staff             |    15 |    15 |    15 |    13 ||    58
       Constrict         |     6 |     8 |     4 |     3 ||    21
       Tentacles         |     1 |     6 |     3 |       ||    10
 Cast: Foxfire           |    39 |   111 |   155 |   148 ||   453
       Scorch            |       |       |    47 |    17 ||    64
       Inner Flame       |       |       |     6 |    16 ||    22
       Conjure Flame     |       |       |     2 |     6 ||     8
       Summon Guardian G |       |       |     2 |     2 ||     4
       Flame Wave        |       |       |       |     1 ||     1
  Use: Potion            |       |     3 |       |       ||     3
       Scroll            |       |       |     8 |     1 ||     9
 Stab: Sleeping          |       |     2 |       |       ||     2
       Distracted        |       |       |       |     1 ||     1
Armor: Skin              |     6 |     2 |     9 |     1 ||    18
Dodge: Dodged            |    22 |    22 |    35 |    14 ||    93

Table legend: (Time is in decaauts)
 A = Elapsed time spent in this place.
 B = Non-inter-level travel time spent in this place.
 C = Inter-level travel time spent in this place.
 D = Time resting spent in this place.
 E = Time spent auto-exploring this place.
 F = Levels seen in this place.
 G = Mean time per level.
                   A        B        C        D        E       F      G
               +--------+--------+--------+--------+--------+-----+--------+
         Total |  12158 |  11842 |    316 |   1074 |   8485 |  11 | 1105.3 |
       Dungeon |  12018 |  11721 |    297 |   1074 |   8388 |  10 | 1201.8 |
        Temple |    139 |    120 |     19 |      0 |     97 |   1 |  139.0 |
               +--------+--------+--------+--------+--------+-----+--------+

Top non-repeatable levels by time:
     D:6: 1887 daAuts
    D:10: 1546 daAuts
     D:2: 1536 daAuts
     D:8: 1211 daAuts
     D:7: 1193 daAuts
     D:1: 1120 daAuts
     D:9: 978 daAuts
     D:4: 921 daAuts
     D:5: 913 daAuts
     D:3: 709 daAuts
  Temple: 139 daAuts
